 Dungeon Crawl Stone Soup version 0.23-a0-470-g6f7cfd9 (webtiles) character file.

14893 jerryfan the Protected (level 12, 0/96 HPs)
             Began as a Gnoll Wanderer on Nov 19, 2018.
             Was the Champion of Okawaru.
             Slain by an eight-headed hydra (9 damage)
             ... on level 12 of the Dungeon on Nov 26, 2018.
             The game lasted 01:29:24 (17229 turns).

jerryfan the Protected (Gnoll Wanderer)            Turns: 17229, Time: 01:29:24

Health: 0/96       AC: 17    Str: 19    XL:     12   Next: 21%
Magic:  22/22      EV: 15    Int: 17    God:    Okawaru [******]
Gold:   295        SH:  0    Dex: 18    Spells: 17/24 levels left

rFire    . . .     SeeInvis .   a - +6 shillelagh "Devastator" {shatter}
rCold    . . .     Gourm    .   (no shield)
rNeg     + . .     Faith    .   O - +2 plate armour {rPois}
rPois    +         Spirit   .   (helmet restricted)
rElec    .         Reflect  .   (no cloak)
rCorr    +         Harm     .   (no gloves)
MR       .....                  y - +0 pair of boots
Stlth    ..........             (no amulet)
HPRegen  0.26/turn              u - ring of resist corrosion
MPRegen  0.18/turn              A - ring of positive energy

@: agile, berserk cooldown, hasted, very quick
A: distributed training, antennae 1, fangs 1, sense surroundings 1, strong nose
a: Heroism, Finesse, Renounce Religion


You were on level 12 of the Dungeon.
You worshipped Okawaru.
Okawaru was exalted by your worship.
You were full.

You visited 2 branches of the dungeon, and saw 14 of its levels.

You collected 955 gold pieces.
You spent 660 gold pieces at shops.

Inventory:

Hand Weapons
 a - the +6 shillelagh "Devastator" (weapon) {shatter}
   (You bought it in a shop on level 7 of the Dungeon)
 b - a +2 hand axe of draining
 e - a +3 dire flail of protection
 k - a +1 hand axe of flaming
 n - the +8 frozen axe "Frostbite" {freezing cloud, *Noise +Fly rC+}
   (You found it on level 7 of the Dungeon)

   It has been specially enchanted to freeze those struck by it, causing extra
   injury to most foes and up to half again as much damage against particularly
   susceptible opponents.
   It can also slow down cold-blooded creatures.
   It protects you from cold.
   It lets you fly.
   It may make noises in combat.
 p - a +1 whip of electrocution
 r - a +3 mace of draining
 v - the +6 dagger "Sinouv" {pierce, rC+ Int+2 Dex+2}
   (You found it on level 6 of the Dungeon)

   It inflicts extra damage upon your enemies.
   It affects your intelligence (+2).
   It affects your dexterity (+2).
   It protects you from cold.
 D - a +1 falchion of draining
 J - a +3 battleaxe of freezing
 K - a cursed -3 rapier
Missiles
 j - 5 steel tomahawks
 m - 2 tomahawks of dispersal (quivered)
 F - 2 throwing nets
Armour
 d - a +0 robe
 h - a +1 chain mail
 w - a +4 ring mail of cold resistance
 y - a +0 pair of boots (worn)
 O - a +2 plate armour of poison resistance (worn)
Jewellery
 u - a ring of resist corrosion (left hand)
 A - a ring of positive energy (right hand)
 L - an uncursed amulet of harm {unknown}
 P - an uncursed ring of wizardry {unknown}
Wands
 c - a wand of random effects (20)
 C - a wand of flame (15)
 M - a wand of digging (6)
Scrolls
 l - 2 scrolls of fog
 q - 7 scrolls of remove curse
 s - a scroll of magic mapping
 x - a scroll of teleportation
 B - 2 scrolls of enchant weapon
 G - a scroll of vulnerability
Potions
 g - 2 potions of haste
 i - 3 potions of degeneration
 o - a potion of curing
 t - a potion of lignification
 z - a potion of agility
Miscellaneous
 E - a sack of spiders
Comestibles
 f - 22 rations


   Skills:
 + Level 9.6 Fighting
 + Level 6.9 Short Blades
 + Level 7.4 Long Blades
 + Level 6.9 Axes
 + Level 7.4 Maces & Flails
 + Level 6.9 Polearms
 + Level 6.9 Staves
 + Level 6.9 Slings
 + Level 6.9 Bows
 + Level 6.9 Crossbows
 + Level 7.4 Throwing
 + Level 9.6 Armour
 + Level 6.9 Dodging
 + Level 6.9 Stealth
 + Level 7.4 Shields
 + Level 6.9 Unarmed Combat
 + Level 6.9 Spellcasting
 + Level 5.7 Conjurations
 + Level 5.7 Hexes
 + Level 5.7 Charms
 + Level 5.7 Summonings
 + Level 5.7 Necromancy
 + Level 5.7 Translocations
 + Level 5.7 Transmutations
 + Level 5.7 Fire Magic
 + Level 5.7 Ice Magic
 + Level 5.7 Air Magic
 + Level 5.7 Earth Magic
 + Level 5.7 Poison Magic
 + Level 7.6 Invocations
 + Level 6.9 Evocations


You had 17 spell levels left.
You knew the following spells:

 Your Spells              Type           Power        Failure   Level  Hunger
a - Mephitic Cloud        Conj/Pois/Air  ####....     54%         3    ##.....
b - Summon Butterflies    Summ           ####....     22%         1    None
c - Blink                 Tloc           N/A          32%         2    None
d - Magic Dart            Conj           ####         22%         1    None

Your spell library contained the following spells:

 Spells                   Type           Power        Failure   Level  Hunger
 Freeze                   Ice            ####         22%         1    None
 Call Imp                 Summ           ####....     32%         2    None
 Slow                     Hex            ####....     32%         2    None
 Throw Frost              Conj/Ice       ####..       32%         2    None
 Call Canine Familiar     Summ           ####....     54%         3    ##.....
 Conjure Flame            Conj/Fire      ####....     54%         3    ##.....
 Ozocubu's Armour         Chrm/Ice       ####....     54%         3    ##.....
 Summon Ice Beast         Ice/Summ       ####....     91%         4    ####...
 Throw Icicle             Conj/Ice       ####....     91%         4    ####...
 Summon Mana Viper        Hex/Summ       ####....     99%         5    #####..
 Summon Hydra             Summ           ####......   100%        7    #######


Dungeon Overview and Level Annotations

Branches:
Dungeon (12/15)            Temple (0/1) D:6            Lair (2/6) D:10
  Swamp: Lair:2-4    Shoals: Lair:2-4     Snake: Lair:2-4    Spider: Lair:2-4
    Orc: D:9-12

Altars:
Elyvilon
Hepliaklqana
Makhleb
Nemelex Xobeh
Okawaru
Qazlal
Sif Muna
Trog
Uskayaw
Vehumet
Wu Jian
Xom
Yredelemnul
Zin
Beogh

Shops:
D:7 *   D:11 *}

Annotations:
D:3 exclusion: 2 downstairs
D:6 exclusion: 2 downstairs
D:11 exclusion: downstairs, Urug
Lair:2 Harold


Innate Abilities, Weirdness & Mutations

Your experience applies equally to all skills.
You have very sharp teeth.
Your uncanny sense of smell can sniff out nearby items.
You have a pair of small antennae on your head.
You passively map a small area around you.


Message History

The eight-headed hydra bites you!
* * * LOW HITPOINT WARNING * * *
The eight-headed hydra misses you.
The eight-headed hydra bites you but does no damage.
The eight-headed hydra completely misses you.
The eight-headed hydra closely misses you.
The eight-headed hydra bites you but does no damage. x2
The eight-headed hydra bites you!
* * * LOW HITPOINT WARNING * * *
You feel yourself speed up. The eight-headed hydra misses you. x2
The eight-headed hydra barely misses you.
The eight-headed hydra bites you.
* * * LOW HITPOINT WARNING * * *
The eight-headed hydra bites you.
* * * LOW HITPOINT WARNING * * *
The eight-headed hydra bites you.
* * * LOW HITPOINT WARNING * * *
The eight-headed hydra bites you but does no damage.
The eight-headed hydra bites you!
You die...

* * * *##.#.....
#######....[.%. *
, ,
............... *
* #####.....%.. *
#...H........
#(####....C..
##.## #H#.....
#####...###D##...#
......#...@.# ####
.##### ,
#####...##### ###*
...... * ##.##
#.., ...... ** #.#
#.# ###### #.# #.#
#... #.# #.# #.##
#.# #.# #.# #.#
#.#######.# #.#
#######.........#


You could see an eight-headed hydra and a hippogriff.

Vanquished Creatures
  2 cyclopes (D:12)
  A centaur skeleton (D:12)
  A black mamba (Lair:2)
  3 spiny frogs (Lair:1)
  A komodo dragon (D:10)
  A rime drake (Lair:1)
  A troll (D:12)
  Grinder (D:4)
  4 hippogriffs
  4 yaks (D:12)
  2 vampires
  A wyvern (D:10)
  A shadow (D:12)
  A wraith (D:11)
  3 hungry ghosts
  A steam dragon (D:11)
  Edmund (D:4)
  2 water moccasins
  3 porcupines (Lair:1)
  3 ice beasts
  8 orc warriors
  9 sky beasts
  A black bear (D:9)
  2 eyes of draining
  A necrophage (D:7)
  7 ogres
  A crocodile (Lair:1)
  8 centaurs
  A big kobold (D:7)
  5 bullfrogs
  2 scorpions
  13 killer bees
  5 howler monkeys
  9 crimson imps
  2 bullfrog zombies
  2 centaur zombies
  8 jellies
  16 orc priests
  A gnoll shaman (D:9)
  6 hounds
  3 bullfrog skeletons
  2 iguanas
  19 orc wizards
  Natasha (thrice) (D:3)
  13 worker ants
  A killer bee zombie (D:6)
  2 hound zombies
  2 worker ant zombies
  11 adders
  13 gnolls
  A howler monkey skeleton (D:6)
  7 river rats (D:4)
  3 shadow imps
  11 oozes
  An adder zombie (D:6)
  3 adder skeletons
  A worm (D:4)
  6 dart slugs
  7 leopard geckos
  92 orcs
  2 ball pythons
  3 bats
  3 giant cockroaches
  8 goblins
  7 hobgoblins
  4 jackals (D:5)
  6 quokkas
  10 frilled lizards
  20 kobolds
  A leopard gecko skeleton (D:5)
  A quokka skeleton (D:7)
  23 rats
  5 plants (D:10)
438 creatures vanquished.

Vanquished Creatures (collateral kills)
  A hydra (Lair:1)
  A crocodile (Lair:1)
2 creatures vanquished.

Vanquished Creatures (others)
  A wraith (D:11)
  3 fungi (D:2)
  11 plants (D:10)
  8 toadstools (D:2)
23 creatures vanquished.

Grand Total: 463 creatures vanquished

Notes
Turn   | Place    | Note
-------+----------+-------------------------------------------
     0 | D:1      | jerryfan the Gnoll Wanderer began the quest for the Orb.
     0 | D:1      | jerryfan set off with the following items: a +2 mace, a +0
                  | short sword, a +0 falchion, a +0 robe, a ration
     0 | D:1      | Reached XP level 1. HP: 23/23 MP: 1/1
    61 | D:1      | Reached XP level 2. HP: 15/29 MP: 2/2
   528 | D:1      | Reached XP level 3. HP: 35/35 MP: 3/3
  1162 | D:2      | Found an iron altar of Okawaru.
  1176 | D:2      | Reached skill level 1 in Invocations
  1180 | D:2      | Became a worshipper of Warmaster Okawaru
  1308 | D:2      | Found a deep blue altar of Sif Muna.
  1366 | D:2      | Reached skill level 1 in Short Blades
  1366 | D:2      | Reached skill level 1 in Axes
  1366 | D:2      | Reached skill level 1 in Polearms
  1366 | D:2      | Reached skill level 1 in Staves
  1366 | D:2      | Reached skill level 1 in Slings
  1366 | D:2      | Reached skill level 1 in Bows
  1366 | D:2      | Reached skill level 1 in Crossbows
  1366 | D:2      | Reached skill level 1 in Dodging
  1366 | D:2      | Reached skill level 1 in Stealth
  1366 | D:2      | Reached skill level 1 in Unarmed Combat
  1366 | D:2      | Reached skill level 1 in Spellcasting
  1366 | D:2      | Reached skill level 1 in Evocations
  1383 | D:2      | Reached XP level 4. HP: 40/41 MP: 5/5
  1434 | D:2      | Reached skill level 1 in Conjurations
  1434 | D:2      | Reached skill level 1 in Hexes
  1434 | D:2      | Reached skill level 1 in Charms
  1434 | D:2      | Reached skill level 1 in Summonings
  1434 | D:2      | Reached skill level 1 in Necromancy
  1434 | D:2      | Reached skill level 1 in Translocations
  1434 | D:2      | Reached skill level 1 in Transmutations
  1434 | D:2      | Reached skill level 1 in Fire Magic
  1434 | D:2      | Reached skill level 1 in Ice Magic
  1434 | D:2      | Reached skill level 1 in Air Magic
  1434 | D:2      | Reached skill level 1 in Earth Magic
  1434 | D:2      | Reached skill level 1 in Poison Magic
  1446 | D:2      | Reached XP level 5. HP: 23/47 MP: 6/6
  2010 | D:3      | Noticed Natasha
  2019 | D:3      | Killed Natasha
  2092 | D:3      | Reached * piety under Okawaru
  2092 | D:3      | Reached XP level 6. HP: 42/53 MP: 8/8
  2321 | D:3      | Found a glowing silver altar of Zin.
  2321 | D:3      | Found an ornate altar of the Wu Jian Council.
  2592 | D:3      | Noticed Natasha
  2597 | D:3      | Killed Natasha
  2738 | D:3      | Reached XP level 7. HP: 44/59 MP: 10/10
  2904 | D:3      | Noticed Natasha
  2913 | D:3      | Killed Natasha
  3049 | D:4      | Noticed Grinder
  3053 | D:4      | Paralysed by Grinder for 3 turns
  3288 | D:4      | Found a hide-covered altar of Uskayaw.
  3612 | D:4      | Noticed Edmund
  3683 | D:5      | Entered Level 5 of the Dungeon
  3733 | D:5      | Reached ** piety under Okawaru
  3739 | D:5      | Reached XP level 8. HP: 54/67 MP: 12/12
  4953 | D:6      | Found a sparkling altar of Nemelex Xobeh.
  5038 | D:6      | Noticed a hippogriff
  5056 | D:6      | Killed a hippogriff
  5056 | D:6      | Reached *** piety under Okawaru
  5063 | D:6      | Reached XP level 9. HP: 43/72 MP: 14/14
  5322 | D:6      | Found a staircase to the Ecumenical Temple.
  5542 | D:6      | Got a brightly glowing dagger
  5543 | D:6      | Identified the +6 dagger "Sinouv" {pierce, rC+ Int+2 Dex+2}
                  | (You found it on level 6 of the Dungeon)
  6818 | D:4      | Killed Edmund
  6818 | D:4      | Reached skill level 5 in Long Blades
  6818 | D:4      | Reached skill level 5 in Maces & Flails
  6818 | D:4      | Reached skill level 5 in Throwing
  6818 | D:4      | Reached skill level 5 in Shields
  6930 | D:4      | Killed Grinder
  6930 | D:4      | Reached **** piety under Okawaru
  7520 | D:4      | Found a hazy altar of Hepliaklqana.
  7921 | D:7      | Reached skill level 5 in Invocations
  7976 | D:7      | Reached XP level 10. HP: 54/80 MP: 15/17
  8543 | D:7      | Reached skill level 5 in Short Blades
  8543 | D:7      | Reached skill level 5 in Axes
  8543 | D:7      | Reached skill level 5 in Polearms
  8543 | D:7      | Reached skill level 5 in Staves
  8543 | D:7      | Reached skill level 5 in Slings
  8543 | D:7      | Reached skill level 5 in Bows
  8543 | D:7      | Reached skill level 5 in Crossbows
  8543 | D:7      | Reached skill level 5 in Dodging
  8543 | D:7      | Reached skill level 5 in Stealth
  8543 | D:7      | Reached skill level 5 in Unarmed Combat
  8543 | D:7      | Reached skill level 5 in Spellcasting
  8543 | D:7      | Reached skill level 5 in Evocations
  8740 | D:6      | Reached ***** piety under Okawaru
  9200 | D:7      | Found the +8 frozen axe "Frostbite" {freezing cloud, *Noise
                  | +Fly rC+}
  9204 | D:7      | Found a stormy altar of Qazlal.
  9464 | D:7      | Found a bloodstained altar of Trog.
  9465 | D:7      | Found an iron altar of Okawaru.
  9747 | D:7      | Found a burning altar of Makhleb.
  9748 | D:7      | Found a shimmering altar of Xom.
  9764 | D:7      | Found Oshem's Mayhem Merchandise.
 10685 | D:8      | Found a roughly hewn altar of Beogh.
 11416 | D:9      | Found a radiant altar of Vehumet.
 11715 | D:9      | Found a basalt altar of Yredelemnul.
 12160 | D:10     | Entered Level 10 of the Dungeon
 12170 | D:10     | Reached XP level 11. HP: 87/87 MP: 19/19
 12361 | D:7      | Bought the +6 shillelagh "Devastator" {shatter} for 660
                  | gold pieces
 12361 | D:7      | Found the +6 shillelagh "Devastator" {shatter}
 12362 | D:7      | Upgraded the game from 0.23-a0-448-g1c01f63 to
                  | 0.23-a0-451-g1044d4c
 12677 | D:10     | Found a burning altar of Makhleb.
 12677 | D:10     | Noticed a green death
 12692 | D:10     | Received a gift from Okawaru
 12991 | D:10     | Found a staircase to the Lair.
 13013 | D:10     | Received a gift from Okawaru
 13114 | D:10     | Reached skill level 5 in Conjurations
 13114 | D:10     | Reached skill level 5 in Hexes
 13114 | D:10     | Reached skill level 5 in Charms
 13114 | D:10     | Reached skill level 5 in Summonings
 13114 | D:10     | Reached skill level 5 in Necromancy
 13114 | D:10     | Reached skill level 5 in Translocations
 13114 | D:10     | Reached skill level 5 in Transmutations
 13114 | D:10     | Reached skill level 5 in Fire Magic
 13114 | D:10     | Reached skill level 5 in Ice Magic
 13114 | D:10     | Reached skill level 5 in Air Magic
 13114 | D:10     | Reached skill level 5 in Earth Magic
 13114 | D:10     | Reached skill level 5 in Poison Magic
 13400 | D:11     | Found Faok's Assorted Antiques.
 13679 | D:11     | Found Cabymm's Gadget Shoppe.
 14087 | D:11     | Noticed Urug
 14830 | Lair:1   | Entered Level 1 of the Lair of Beasts
 14841 | Lair:1   | Noticed a four-headed hydra
 14856 | Lair:1   | Killed a four-headed hydra
 14856 | Lair:1   | Reached ****** piety under Okawaru
 14856 | Lair:1   | Received a gift from Okawaru
 14989 | Lair:1   | Learned a level 3 spell: Mephitic Cloud
 14991 | Lair:1   | Learned a level 1 spell: Summon Butterflies
 14994 | Lair:1   | Learned a level 2 spell: Blink
 14996 | Lair:1   | Learned a level 1 spell: Magic Dart
 15892 | Lair:2   | Noticed Harold
 16244 | Lair:1   | Upgraded the game from 0.23-a0-451-g1044d4c to
                  | 0.23-a0-470-g6f7cfd9
 16350 | D:12     | Noticed a cyclops
 16578 | D:12     | Noticed a cyclops
 16849 | D:12     | Found a white marble altar of Elyvilon.
 16864 | D:12     | Reached XP level 12. HP: 92/96 MP: 22/22
 17092 | D:12     | Gained mutation: You passively map a small area around you.
                  | [potion of mutation]
 17092 | D:12     | Gained mutation: You have a pair of small antennae on your
                  | head. [potion of mutation]
 17210 | D:12     | Noticed an eight-headed hydra
 17229 | D:12     | Slain by an eight-headed hydra

Vault maps used:
D:1:      nzn_arrival_water_spiral, chequers_serial_rivers_small_a,
          chequers_big_river, minivault_11, item_on_display_b
D:2:      cheibrodos_fertilizer, lemuel_crystal_altar, okawaru_metal_pillars_3
D:3:      gammafunk_temple_overflow_pools, solitary_fountain, uniq_natasha
D:4:      lemuel_coloured_pillars_altar, eat_drink_and_be_merry_uskayaw,
          first_ration, dk_rats_in_the_wall, uniq_grinder, uniq_edmund
D:6:      lemuel_crystal_altar, minmay_temple_entry_trees, st_stairs_13,
          minmay_misc_feat_chi
D:7:      minmay_chambers_of_sixes, grunt_temple_overflow_bloody_war,
          grunt_temple_overflow_champion_of_chaos,
          nicolae_qazlal_style_of_elements, grunt_ogre_cave, minmay_shop_mayhem
D:8:      special_room, chequers_serial_rivers_room_b
D:9:      lemuel_doored_altar, lemuel_round_altar,
          minmay_misc_feat_four_crosses, st_stairs_8
D:10:     david_lair_shrubbed, makhleb_altar_promises_db
D:11:     serial_shops, shop, shop, uniq_urug
D:12:     orc_0_dummy, basic_altar
Lair:2:   minmay_shoals_entry_centaurs, minmay_lair_oklob_chamber, uniq_harold

Skill      XL: |  1  2  3  4  5  6  7  8  9 10 11 |
---------------+----------------------------------+-----
Invocations    | 1 2 3 4 5 6 7 |  7.6
Short Blades   | 1 2 3 4 5 6 |  6.9
Axes           | 1 2 3 4 5 6 |  6.9
Polearms       | 1 2 3 4 5 6 |  6.9
Staves         | 1 2 3 4 5 6 |  6.9
Slings         | 1 2 3 4 5 6 |  6.9
Bows           | 1 2 3 4 5 6 |  6.9
Crossbows      | 1 2 3 4 5 6 |  6.9
Dodging        | 1 2 3 4 5 6 |  6.9
Stealth        | 1 2 3 4 5 6 |  6.9
Unarmed Combat | 1 2 3 4 5 6 |  6.9
Spellcasting   | 1 2 3 4 5 6 |  6.9
Evocations     | 1 2 3 4 5 6 |  6.9
Conjurations   | 1 2 3 4 5 |  5.7
Hexes          | 1 2 3 4 5 |  5.7
Charms         | 1 2 3 4 5 |  5.7
Summonings     | 1 2 3 4 5 |  5.7
Necromancy     | 1 2 3 4 5 |  5.7
Translocations | 1 2 3 4 5 |  5.7
Transmutations | 1 2 3 4 5 |  5.7
Fire Magic     | 1 2 3 4 5 |  5.7
Ice Magic      | 1 2 3 4 5 |  5.7
Air Magic      | 1 2 3 4 5 |  5.7
Earth Magic    | 1 2 3 4 5 |  5.7
Poison Magic   | 1 2 3 4 5 |  5.7
Long Blades    | 3 4 5 6 7 |  7.4
Maces & Flails | 3 4 5 6 7 |  7.4
Throwing       | 3 4 5 6 7 |  7.4
Shields        | 3 4 5 6 7 |  7.4
Fighting       | 7 8 9 |  9.6
Armour         | 7 8 9 |  9.6

Action                   |  1- 3 |  4- 6 |  7- 9 | 10-12 || total
-------------------------+-------+-------+-------+-------++-------
Melee: Mace              |    93 |   163 |   429 |   281 ||   966
       Bite              |    11 |    22 |    57 |    72 ||   162
       Punch             |       |     2 |     7 |     9 ||    18
       Whip              |       |       |   156 |    73 ||   229
       Dagger            |       |       |     6 |    12 ||    18
       Executioner's axe |       |       |       |   118 ||   118
       Shillelagh        |       |       |       |   202 ||   202
Throw: Throwing net      |       |       |     7 |     1 ||     8
       Tomahawk          |       |       |     1 |     4 ||     5
 Cast: Mephitic Cloud    |       |       |       |     4 ||     4
       Magic Dart        |       |       |       |     2 ||     2
       Summon Butterflie |       |       |       |     2 ||     2
Evoke: Wand              |       |     4 |    10 |     1 ||    15
       Sack of spiders   |       |       |       |     5 ||     5
  Use: Potion            |       |     4 |     3 |    11 ||    18
       Scroll            |       |       |    16 |    14 ||    30
 Stab: Held in net/web   |       |       |     3 |       ||     3
       Sleeping          |       |       |     1 |     7 ||     8
       Distracted        |       |       |       |     1 ||     1
  Eat: Chunk             |     2 |     4 |    15 |    30 ||    51
       Ration            |       |       |     1 |     4 ||     5
Armor: Robe              |     3 |       |       |       ||     3
       Chain mail        |    67 |    91 |   316 |       ||   474
       Skin              |       |     6 |       |       ||     6
       Ring mail         |       |       |    41 |   324 ||   365
       Plate armour      |       |       |       |    31 ||    31
Dodge: Dodged            |    40 |    60 |   316 |   622 ||  1038

Table legend:
 A = Non-vault XP
 B = Vault XP
 C = Vault XP percentage of total XP
 D = Non-vault monster count
 E = Vault monster count
 F = Vault count percentage of total count
                 A         B        C        D         E       F
            +---------+---------+-------+---------+---------+-------
      Total |   19203 |    2073 |   9.7 |     358 |      78 |  17.9
            +---------+---------+-------+---------+---------+-------
        D:1 |      49 |       0 |   0.0 |      27 |       0 |   0.0
        D:2 |      33 |     171 |  83.8 |      12 |      19 |  61.3
        D:3 |     449 |      35 |   7.2 |      35 |       1 |   2.8
        D:4 |     614 |     551 |  47.3 |      24 |      23 |  48.9
        D:5 |     580 |       0 |   0.0 |      19 |       0 |   0.0
        D:6 |    1860 |      46 |   2.4 |      48 |       1 |   2.0
        D:7 |    1548 |     519 |  25.1 |      31 |       9 |  22.5
        D:8 |     754 |     384 |  33.7 |      18 |      24 |  57.1
        D:9 |    1515 |       0 |   0.0 |      40 |       0 |   0.0
       D:10 |    1974 |     367 |  15.7 |      37 |       1 |   2.6
       D:11 |    2571 |       0 |   0.0 |      34 |       0 |   0.0
       D:12 |    3559 |       0 |   0.0 |      18 |       0 |   0.0
     Lair:1 |    3054 |       0 |   0.0 |      12 |       0 |   0.0
     Lair:2 |     643 |       0 |   0.0 |       3 |       0 |   0.0
            +---------+---------+-------+---------+---------+-------
